 Dungeon Crawl Stone Soup version 0.32-a0-913-g739538a (webtiles) character file.

Game seed: 17601110918346340397

3233 witwit the Skirmisher (level 9, -4/61 HPs)
             Began as a Coglin Hunter on Apr 9, 2024.
             Was a Believer of Okawaru.
             Succumbed to a black mamba's poison
             ... on level 2 of the Lair of Beasts.
             The game lasted 00:15:45 (8089 turns).

witwit the Skirmisher (Coglin Hunter)               Turns: 8089, Time: 00:15:46

Health: -4/61      AC: 11    Str: 11    XL:     9   Next: 98%
Magic:  11/11      EV: 10    Int: 10    God:    Okawaru [**....]
Gold:   513        SH:  0    Dex: 21    Spells: 8/8 levels left

rFire   + + .        a - +2 sling {Edmée}
rCold   + . .        m - +2 sling (freeze) {Eitaro}
rNeg    . . .        r - +0 scale mail {rF+}
rPois   .            v - +0 helmet
rElec   .            p - scarf {rC+ rF+}
rCorr   .            o - +0 pair of gloves
SInv    +            g - +0 pair of boots
Will    .....        (amulet unavailable)
Stlth   +            (ring unavailable)
HPRegen 0.30/turn    (ring unavailable)
MPRegen 0.12/turn    (no gizmo)

%: no passive effects
@: lethally poisoned (-4 -> -22), weak-willed
A: off-hand wielding, slow wielding, warmup strikes, no jewellery
a: Invent Gizmo, Renounce Religion, Heroism


You were on level 2 of the Lair of Beasts.
You worshipped Okawaru.
Okawaru was pleased with you.
You visited 3 branches of the dungeon, and saw 11 of its levels.
You also visited: Bailey.

You collected 513 gold pieces.

Inventory:

Hand Weapons
 a - a +2 sling (weapon) {Edmée}
 m - a +2 sling of freezing (offhand) {Eitaro}
Armour
 c - a +0 leather armour
 g - a +0 pair of boots (worn)
 o - a +0 pair of gloves (worn)
 p - a scarf of resistance (worn)
 r - a +0 scale mail of fire resistance (worn)
 v - a +0 helmet (worn)
Talismans
 i - a granite talisman
Wands
 q - a wand of quicksilver (12)
 y - a wand of warping (11)
 A - a wand of flame (17)
Scrolls
 b - 2 scrolls of butterflies
 h - a scroll of fog
 k - a scroll of silence
 l - a scroll of poison
 s - 2 scrolls of enchant weapon
 t - a scroll of amnesia
 D - a scroll of identify
Potions
 f - 3 potions of haste {unknown}
 j - 3 potions of degeneration {unknown}
 u - 2 potions of magic {unknown}
 x - a potion of ambrosia {unknown}
 z - a potion of experience {unknown}
 E - 2 potions of mutation {unknown}
 F - a potion of invisibility {unknown}


   Skills:
 - Level 2.0 Fighting
 * Level 10.1 Ranged Weapons
 + Level 5.0 Armour
 + Level 5.4 Dodging
 - Level 0.7 Stealth
 + Level 3.4 Invocations


You had 8 spell levels left.
You didn't know any spells.
Your spell library contained the following spells:

 Spells                   Type           Power      Damage    Failure   Level
 Foxfire                  Conj/Fire      0%         2x1d4     89%         1
 Freeze                   Ice            0%         1d3       89%         1
 Magic Dart               Conj           0%         1d3       89%         1
 Sandblast                Erth           0%         2d4       89%         1
 Blink                    Tloc           0%         N/A       96%         2
 Ensorcelled Hibernation  Hex/Ice        0%         N/A       96%         2
 Sublimation of Blood     Necr           0%         N/A       96%         2
 Frozen Ramparts          Ice            0%         1d1       99%         3
 Hailstorm                Conj/Ice       0%         3d5       99%         3
 Passwall                 Erth           0%         N/A       99%         3
 Stone Arrow              Conj/Erth      0%         3d7       99%         3
 Swiftness                Air            0%         N/A       99%         3
 Brom's Barrelling Bould  Conj/Erth      0%         2d3       100%        4
 Plasma Beam              Fire/Air       0%         2x1d10    100%        6
 Starburst                Conj/Fire      0%         6d3       100%        6
 Call Imp                 Summ           Unusable   N/A       N/A         2
 Summon Hydra             Summ           Unusable   N/A       N/A         7

Dungeon Overview and Level Annotations

Branches:
Dungeon (8/15)             Temple (1/1) D:5            Lair (2/5) D:8
 Bailey (visited)
  Swamp: Lair:2-3    Shoals: Lair:2-3     Snake: Lair:2-3    Spider: Lair:2-3

Altars:
Ashenzari
Cheibriados
Dithmenos
Gozag
Hepliaklqana
Makhleb
Nemelex Xobeh
Okawaru
Ru
Sif Muna
Trog
Uskayaw
Xom
Yredelemnul
Zin
The Shining One


Innate Abilities, Weirdness & Mutations

You can wield a second weapon in your off-hand.
It takes a long time for you to wield or remove held weapons.
Your first few attacks do less damage.
You cannot equip rings or amulets.


Message History

The blink frog hits you but does no damage.
Unknown command.
You shoot a sling bullet.
The sling bullet closely misses the blink frog.
You shoot a sling bullet. The sling bullet misses the blink frog.
The blink frog barely misses you. The blink frog closely misses you. x2
The blink frog blinks!
The blink frog hits you! The blink frog closely misses you.
Unknown command.
Unknown command.
As you read the scroll labelled ISTREM QIAMP, it crumbles to dust.
The creatures around you are filled with an inner flame!
It was a scroll of immolation.
The blink frog hits you!
* * * LOW HITPOINT WARNING * * *
The blink frog hits you but does no damage.
The water moccasin barely misses you.
As you read the scroll labelled TUKICY CIFFUCSYAT, it crumbles to dust.
A wave of despondency washes over your surroundings.
It was a scroll of vulnerability.
The blink frog blinks! x2
The blink frog hits you.
* * * LOW HITPOINT WARNING * * *
The blink frog blinks!
The water moccasin bites you but does no damage.
The blink frog blinks!
The blink frog hits you but does no damage.
The black mamba bites you!
* * * LOW HITPOINT WARNING * * *
You are lethally poisoned!
The black mamba poisons you! The blink frog hits you.
* * * LOW HITPOINT WARNING * * *
Unknown command.
Unknown command.
Unknown command.
Unknown command.
Unknown command.
Unknown command.
Unknown command.
As you read the scroll labelled EKEWEHUIFIT, it crumbles to dust.
You feel aware of your surroundings.
It was a scroll of revelation.
You die...

,,,,,,,* *,,****,**,,,*,*
,,,,,,,* #######..P#####*,,,,**
*,,,,,,**####P....######*,,.,*
*,,,,,*,,#####.#..######*,..*****
*,,,,,,,,.........P######...***,*
*,,,,,,,,..F.......#.##..P..,,,,,
,,,,,****#P....F............,,,,,
,,,*** ##.....§S..........,,,,,
,,,*** ##....F@.F.<.......,,*,*
,,,*,****##..[..SF.l...§..#.,,,**
,,,,,,,,,...................,,**
,,,,,,,,,.........§.....#...,,,*
,,,,,,,,,..#.##...P##.F.....,,**
,,,,,*,*,###########....#...,,*
,,,,,,,,,############.......,,**
,,,,,,,,,P###########...#...*,,**
,,,,,,,,,** *,..#..,,,,,,


You could see a komodo dragon (inner flame, weak-willed), a black mamba (inner
flame, weak-willed), 5 blink frogs, a water moccasin (inner flame, weak-willed)
and a bullfrog (inner flame, weak-willed).

Vanquished Creatures
  A cane toad (Lair:1)
  A steam dragon (D:8)
  Edmund (D:4)
  A water moccasin (Lair:1)
  A sky beast (D:7)
  2 black bears (D:4)
  3 ogres
  3 ice beasts
  4 phantoms
  Blork the orc (D:5)
  4 bullfrogs (D:8)
  3 scorpions
  3 howler monkeys
  3 electric eels
  A bombardier beetle (D:7)
  A quasit (D:5)
  2 jellies
  2 orc priests
  3 hounds
  A sleepcap (D:8)
  Ijyb (D:3)
  An iguana (D:4)
  7 orc wizards
  Robin (D:5)
  6 gnolls
  4 adders
  6 shadow imps
  2 white imps
  An ufetubus (D:5)
  A dart slug (D:5)
  A ribbon worm (D:2)
  12 orcs
  4 ball pythons
  4 bats
  5 endoplasms
  2 giant cockroaches
  8 goblins
  10 hobgoblins
  4 jackals (D:3)
  2 quokkas (D:2)
  A frilled lizard (D:1)
  14 kobolds
  10 rats
148 creatures vanquished.

Notes
Turn   | Place    | Note
-------+----------+-------------------------------------------
     0 | D:1      | witwit the Coglin Hunter began the quest for the Orb.
     0 | D:1      | Reached XP level 1. HP: 16/16 MP: 1/1
   132 | D:1      | Reached skill level 4 in Ranged Weapons
   132 | D:1      | Reached XP level 2. HP: 22/22 MP: 2/2
   475 | D:1      | Reached XP level 3. HP: 19/27 MP: 3/3
  1025 | D:3      | Found a faded altar of an unknown god.
  1171 | D:3      | Reached skill level 5 in Ranged Weapons
  1249 | D:3      | Reached XP level 4. HP: 33/33 MP: 4/4
  1609 | D:3      | Noticed Ijyb
  1624 | D:3      | Killed Ijyb
  1625 | D:3      | Reached XP level 5. HP: 11/38 MP: 5/5
  2059 | D:3      | Reached skill level 6 in Ranged Weapons
  2160 | D:4      | Noticed Edmund
  2173 | D:4      | Killed Edmund
  2174 | D:4      | Reached XP level 6. HP: 32/44 MP: 6/6
  2280 | D:4      | Reached skill level 7 in Ranged Weapons
  2301 | D:4      | Noticed a black bear
  2310 | D:4      | Killed a black bear
  2311 | D:4      | Reached skill level 1 in Armour
  2311 | D:4      | Reached XP level 7. HP: 28/50 MP: 7/7
  3104 | D:4      | Found a hide-covered altar of Uskayaw.
  3304 | D:5      | Entered Level 5 of the Dungeon
  3670 | D:5      | Reached XP level 8. HP: 41/56 MP: 8/8
  3671 | D:5      | Reached skill level 8 in Ranged Weapons
  3744 | D:5      | Found a glowing silver altar of Zin.
  3937 | D:5      | Found a shimmering blue altar of Sif Muna.
  4027 | D:5      | Found a staircase to the Ecumenical Temple.
  4031 | D:5      | Noticed Robin
  4036 | Temple   | Entered the Ecumenical Temple
  4127 | Temple   | Became a worshipper of Warmaster Okawaru
  4132 | Temple   | Identified a scroll of acquirement
  4133 | Temple   | Acquired a +1 sling of freezing
  4425 | D:5      | Killed Robin
  4866 | D:5      | Noticed Blork the orc
  4872 | D:5      | Killed Blork the orc
  4977 | D:5      | Reached skill level 1 in Invocations
  4980 | D:5      | Identified the +6 whip of Grandeur {heavy, rF+ rC- rN+
                  | Int+5}
  5267 | D:6      | Reached * piety under Okawaru
  5430 | D:6      | Found a hazy altar of Hepliaklqana.
  5433 | D:6      | Found a burning altar of Makhleb.
  5508 | D:6      | Reached skill level 9 in Ranged Weapons
  5508 | D:6      | Reached XP level 9. HP: 61/61 MP: 10/10
  6711 | D:7      | Found a flagged portal.
  6720 | Bailey   | Entered a bailey
  6910 | D:7      | Reached ** piety under Okawaru
  7564 | D:8      | Reached skill level 5 in Dodging
  7789 | D:8      | Found a staircase to the Lair.
  7955 | Lair:1   | Entered Level 1 of the Lair of Beasts
  7955 | Lair:1   | Noticed an elephant
  7955 | Lair:1   | Noticed an elephant
  7955 | Lair:1   | Noticed an elephant
  7955 | Lair:1   | Noticed an elephant
  7955 | Lair:1   | Noticed an elephant
  7959 | Lair:1   | Noticed a cane toad
  7963 | Lair:1   | Killed a cane toad
  7964 | Lair:1   | Reached skill level 10 in Ranged Weapons
  7968 | Lair:1   | Reached skill level 5 in Armour
  8056 | Lair:1   | Noticed a catoblepas
  8081 | Lair:2   | Noticed a komodo dragon
  8084 | Lair:2   | Noticed a black mamba
  8088 | Lair:2   | HP: 2/61 [black mamba (10)]
  8089 | Lair:2   | Succumbed to a black mamba's poison

Illustrated notes

Levels and vault maps discovered:
D:1:      lightli_arrival_quake, layout_rooms
D:2:      layout_loops_cross
D:3:      layout_loops_corners, shapermc_ecumenical_altar_acropolis, uniq_ijyb
D:4:      layout_basic, kennysheep_mini, uniq_edmund
D:5:      layout_basic, tgw_sif, general_overflow_altar,
          minmay_temple_entry_overgrown, serial_demonic, serial_demonic_e,
          serial_demonic_c, serial_demonic_g, serial_demonic_a,
          nicolae_goblin_pals, uniq_blork_the_orc
D:6:      layout_basic, nicolae_overflow_squiral, billiards_dpeg
D:7:      layout_basic, enter_bailey_2, chequers_big_river
D:8:      layout_rooms, lair_entry_dummy
Temple:   nicolae_temple_ecumenical_triangle
Lair:1:   layout_chaotic_city, grunt_forest_small_clearings
Lair:2:   layout_chaotic_city, chequers_serial_rivers_room_a

Skill      XL: |  1  2  3  4  5  6  7  8  9 |
---------------+----------------------------+-----
Ranged Weapons | 4 5 6 7 9 10 | 10.1
Dodging        | 2 3 4 5 |  5.4
Armour         | 1 2 3 5 |  5.0
Invocations    | 1 3 |  3.4
Fighting       | |  2.0
Stealth        | |  0.7

Action                     |  1- 3 |  4- 6 |  7- 9 || total
---------------------------+-------+-------+-------++-------
   Fire: Sling             |   144 |   166 |   662 ||   972
    Use: Potion            |       |     1 |     3 ||     4
         Scroll            |       |       |    16 ||    16
 Armour: Leather armour    |    13 |    22 |       ||    35
         Scale mail        |       |    24 |   250 ||   274
  Dodge: Dodged            |     9 |    18 |   132 ||   159

Table legend: (Time is in decaauts)
 A = Elapsed time spent in this place.
 B = Non-inter-level travel time spent in this place.
 C = Inter-level travel time spent in this place.
 D = Time resting spent in this place.
 E = Time spent auto-exploring this place.
 F = Levels seen in this place.
 G = Mean time per level.
                   A        B        C        D        E       F      G
               +--------+--------+--------+--------+--------+-----+--------+
         Total |   8216 |   7958 |    258 |   1506 |   5325 |  12 |  684.7 |
       Dungeon |   7667 |   7414 |    253 |   1128 |   5304 |   8 |  958.4 |
        Temple |    388 |    384 |      4 |    308 |      0 |   1 |  388.0 |
          Lair |    136 |    136 |      0 |     70 |     17 |   2 |   68.0 |
        Bailey |     24 |     24 |      0 |      0 |      4 |   1 |   24.0 |
               +--------+--------+--------+--------+--------+-----+--------+

Top non-repeatable levels by time:
     D:5: 1516 daAuts
     D:7: 1333 daAuts
     D:4: 1174 daAuts
     D:3: 1142 daAuts
     D:6: 1044 daAuts
     D:2: 554 daAuts
     D:1: 476 daAuts
     D:8: 425 daAuts
  Temple: 388 daAuts
  Lair:1: 128 daAuts
  Bailey: 24 daAuts
  Lair:2: 7 daAuts
